 Dungeon Crawl Stone Soup version 0.23.2-40-g277498a001 (webtiles) character file.

Game seed: 3845249963961401955

41 OrcJesus the Shield-Bearer (level 3, -1/26 HPs)
             Began as an Octopode Fighter on Aug 29, 2019.
             Slain by a white imp (2 damage)
             ... summoned by Natasha
             ... on level 2 of the Dungeon.
             The game lasted 00:02:35 (1246 turns).

OrcJesus the Shield-Bearer (Octopode Fighter)       Turns: 1246, Time: 00:02:35

Health: -1/26      AC:  1    Str: 15    XL:     3   Next: 52%
Magic:  3/3        EV: 17    Int: 11    God:
Gold:   18         SH:  9    Dex: 16    Spells: 2/2 levels left

rFire    . . .     SeeInvis .     - Unarmed
rCold    + . .     Gourm    .   a - +0 shield
rNeg     . . .     Faith    .   (helmet restricted)
rPois    .         Spirit   .   (no amulet)
rElec    .         Reflect  .   e - ring of protection from cold
rCorr    .         Harm     .   (no ring)
MR       .....                  (no ring)
Stlth    ++++......             (no ring)
HPRegen  0.08/turn              (no ring)
MPRegen  0.08/turn              (no ring)
                                (no ring)
                                (no ring)

@: agile
A: almost no armour, stealthy swim, amphibious, 8 rings, constrict 8, camouflage
1, gelatinous body 1
a: no special abilities


You were on level 2 of the Dungeon.
You were not hungry.

You visited 1 branch of the dungeon, and saw 2 of its levels.

You collected 18 gold pieces.

Inventory:

Armour
 a - a +0 shield (worn)
Jewellery
 e - a ring of protection from cold (left tentacle)
Scrolls
 d - a scroll of enchant weapon {unknown}
 f - 3 scrolls of identify {unknown}
 g - 3 scrolls of teleportation {unknown}
Potions
 b - a potion of might
Comestibles
 c - 3 rations


   Skills:
 + Level 3.2 Fighting
 - Level 3.0 Dodging
 + Level 1.2 Stealth
 * Level 3.5 Shields
 * Level 2.6 Unarmed Combat


You had 2 spell levels left.
You didn't know any spells.
Your spell library was empty.

Dungeon Overview and Level Annotations

Branches:
Dungeon (2/15)

Altars:

Annotations:
D:2 Natasha


Innate Abilities, Weirdness & Mutations

You cannot wear most types of armour.
You are very stealthy in the water. (Stealth+)
You are amphibious.
You can wear up to eight rings at the same time.
You can use your tentacles to constrict eight enemies at once.
Your skin changes colour to match your surroundings (Stealth+).
Your rubbery body absorbs attacks. (AC +1, EV +1)


Message History

The white imp freezes you. You resist. Natasha claws you.
The orc shouts!
You tentacle-slap Natasha but do no damage.
Your grab misses Natasha.
You hear a shout!
The white imp hits you. The white imp freezes you. You resist.
Your shield prevents you from hitting Natasha.
You grab Natasha. You constrict Natasha. You block Natasha's attack.
The white imp closely misses you.
You tentacle-slap Natasha but do no damage.
Natasha is lightly wounded.
You constrict Natasha, but do no damage.
Natasha claws you.
* * * LOW HITPOINT WARNING * * *
It was a potion of agility.
You feel agile all of a sudden.
You constrict Natasha. The white imp hits you.
* * * LOW HITPOINT WARNING * * *
The white imp freezes you. You resist.
You die...

....o...# .r..o...#
........+ ...o....#
..h.....# .....o..#
#(########### ........#
.#.#..........
......oo######.#.#.#########
.#######ooh@.#.#.#.#
###.###5#.#.#.# ....
#.#.#.#.# #.#.#.#.#.#.#.#
#.#...#.#.....# #
#.#.#...#.#####
#.#...........#
#.#..<........#
#...........#


You could see an orc wizard, Natasha, a white imp and 3 orcs.

Vanquished Creatures
  An adder (D:2)
  A dart slug (D:1)
  A leopard gecko (D:1)
  An orc (D:2)
  A ball python (D:1)
  7 bats (D:1)
  A giant cockroach (D:1)
  4 goblins (D:1)
  4 hobgoblins (D:1)
  A frilled lizard (D:1)
  5 kobolds
27 creatures vanquished.

Notes
Turn   | Place    | Note
-------+----------+-------------------------------------------
     0 | D:1      | OrcJesus the Octopode Fighter began the quest for the Orb.
     0 | D:1      | Reached XP level 1. HP: 16/16 MP: 1/1
    55 | D:1      | Reached XP level 2. HP: 16/21 MP: 2/2
   651 | D:1      | Reached XP level 3. HP: 26/26 MP: 3/3
   654 | D:1      | Reached skill level 1 in Stealth
  1229 | D:2      | Noticed Natasha
  1246 | D:2      | HP: 1/26 [white imp[Natasha] (2)]
  1246 | D:2      | Slain by a white imp

Skill      XL: |  1  2  3 |
---------------+----------+-----
Stealth        | 1 |  1.2
Fighting       | |  3.2
Dodging        | |  3.0
Shields        | |  3.5
Unarmed Combat | |  2.6

Action                   || total
-------------------------++-------
Melee: Unarmed           ||    56
       Constrict         ||    13
       Tentacles         ||     4
       Punch             ||     2
  Use: Potion            ||     1
 Stab: Sleeping          ||     6
  Eat: Chunk             ||     1
Armor: Skin              ||     2
Dodge: Dodged            ||    24
Block: Shield            ||    12
